 Dungeon Crawl Stone Soup version 0.29.1-2-gbd0b4ee654 (webtiles) character file.

Game seed: 794739171749291546

3022 hawla the Arsonist (level 10, 0/47 (72) HPs)
             Began as a Meteoran Fire Elementalist on Oct 24, 2022.
             Was a Priest of Vehumet.
             Engulfed by a cloud of flame (15 damage)
             ... on level 3 of the Dungeon.
             The game lasted 00:19:25 (3886 turns).

hawla the Arsonist (Meteoran Fire Elementalist)     Turns: 3886, Time: 00:19:25

HP:   0/47 (72)     AC:  9    Str:  9    XL:     10   Next: 31%
MP:   20/25         EV: 14    Int: 23    God:    Vehumet [***...]
Gold: 507           SH:  5    Dex: 17    Spells: 20/29 levels left

rFire   . . .      SeeInvis .   (no weapon)
rCold   . . .      Faith    .   (no shield)
rNeg    . . .      Spirit   .   p - +0 steam dragon scales
rPois   .          Reflect  +   (no helmet)
rElec   .          Harm     .   (no cloak)
rCorr   .          Rampage  .   n - +2 pair of gloves {Dex+3}
Will    +....                   q - +0 pair of boots
Stlth   +.........              e - amulet of reflection
HPRegen 0.15/turn               (no ring)
MPRegen 0.19/turn               (no ring)

@: lethally poisoned (0 -> -7), glowing, very heavily drained
A: sense surroundings 2, otherworldly, glowing, explore regen
a: Renounce Religion


You were on level 3 of the Dungeon.
You worshipped Vehumet.
Vehumet was most pleased with you.
You visited 1 branch of the dungeon, and saw 7 of its levels.
You also visited: Ossuary.

You collected 507 gold pieces.

Inventory:

Armour
 n - a +2 pair of gloves of dexterity (worn)
 p - +0 steam dragon scales (worn)
 q - a +0 pair of boots (worn)
 x - a +0 helmet
Jewellery
 e - an amulet of reflection (around neck)
 t - an amulet of regeneration
Wands
 r - a wand of acid (16)
Scrolls
 a - a scroll of magic mapping
 k - 2 scrolls of enchant weapon
 u - a scroll of identify
Potions
 b - 2 potions of magic
 c - 3 potions of might {unknown}
 d - 5 potions of curing {unknown}
 f - 2 potions of lignification
 g - a potion of heal wounds
 h - 6 potions of degeneration {unknown}
 i - a potion of cancellation {unknown}
 j - 3 potions of mutation {unknown}
 l - 3 potions of ambrosia {unknown}
 m - a potion of brilliance {unknown}
 o - a potion of berserk rage {unknown}
 s - 3 potions of attraction {unknown}
 v - a potion of flight {unknown}


   Skills:
 + Level 1.4 Fighting
 + Level 4.0 Dodging
 - Level 1.4 Stealth
 + Level 10.0 Spellcasting
 + Level 5.9 Conjurations
 + Level 11.2 Fire Magic
 + Level 0.2 Evocations


You had 20 spell levels left.
You knew the following spells:

 Your Spells              Type           Power      Damage    Failure   Level
a - Foxfire               Conj/Fire      100%       2x1d9     1%          1
b - Scorch                Fire           100%       2d10      1%          2
c - Flame Wave            Conj/Fire      50%        2d12      1%          4
d - Searing Ray           Conj           76%        2d7       1%          2

Your spell library contained the following spells:

 Spells                   Type           Power      Damage    Failure   Level
 Stone Arrow              Conj/Erth      50%        3d10      1%          3
 Magic Dart               Conj           100%       1d8       1%          1
 Conjure Flame            Conj/Fire      50%        6-21      1%          3
 Inner Flame              Hex/Fire       37%        N/A       1%          3
 Fulminant Prism          Conj/Hex       12%        3d9       4%          4
 Gell's Gravitas          Tloc           11%        N/A       17%         3
 Lesser Beckoning         Tloc           11%        N/A       17%         3
 Teleport Other           Tloc           11%        N/A       17%         3
 Summon Cactus Giant      Summ           5%         N/A       100%        6
 Borgnjor's Revivificati  Necr           5%         N/A       100%        8
 Necromutation            Tmut/Necr      5%         N/A       100%        8
 Death's Door             Necr           5%         N/A       100%        9


Dungeon Overview and Level Annotations

Branches:
Dungeon (7/15) Zot: 665    Temple (0/1) D:4         Ossuary (visited)

Altars:
Fedhas
Kikubaaqudgha
Okawaru
Qazlal
Trog
Vehumet
Wu Jian
Xom
Yredelemnul
Zin

Annotations:
D:3 2 transporters, Homeless's ghost, amateur MiBe


Innate Abilities, Weirdness & Mutations

You passively map the area around you.
You are easily found by Zot.
You glow in the dark.
You regain HP and MP as you explore.


Message History

You climb upwards.
There is a stone staircase leading down here.
There is a stone staircase leading up here.
You climb upwards.
Level annotation: 1 runed translucent door, 2 transporters, Crazy Yiuf; Homeless's ghost, amateur MiBe
There is a stone staircase leading down here.
Search for what [Enter for "hamm", or ? for help]? hamm
There is a stone staircase leading down here.
You open the door.
Casting: Foxfire (safe; 1% risk of failure)
Confirm with . or Enter, or press ? or * to list all spells.
Casting: Flame Wave (safe; 1% risk of failure)
Press: ? - help, Dir - look around, f - activate A wave of flame ripples out!
The tree burns like a torch!
The flame wave engulfs Crazy Yiuf.
Crazy Yiuf is moderately wounded. (Press . to intensify the flame waves.) Crazy Yiuf screams, "Gnoll!
Cake return to song seventy."
Crazy Yiuf hits you with a +3 quarterstaff of chaos.
You are poisoned.
A wave of flame ripples out!
The flame wave engulfs Crazy Yiuf.
Crazy Yiuf is heavily wounded.
The tree burns like a torch!
You feel very sick.
Crazy Yiuf hits you with a +3 quarterstaff of chaos.
As you read the scroll labelled WENKUT FUIMP, it crumbles to dust.
It is a scroll of amnesia.
Really abort (and waste the scroll)? [Y]es or [N]o only, please.
Really abort (and waste the scroll)? [Y]es or [N]o only, please.
Really abort (and waste the scroll)?
Okay, then.
You are engulfed in blazing flames.
You feel sick.
Crazy Yiuf is engulfed in blazing flames.
You kill Crazy Yiuf!
Vehumet accepts your kill.
The forest fire spreads! x2
You are engulfed in blazing flames.
You die...

.......).......#
...............#
.##.##.....#####
.##.>......#
.######....#
##### ## #.....#
#..)# #.....#
#...# #.....#
#...# #.....#
♣##@##♣ #.....#
♣§§§§§♣ ##....#
♣§§§§§§♣ ##...#
♣§§§§§§♣ ##.##
♣§♣♣♣♣♣♣ #.#
♣♣.♣♣ #.# ♣.♣.♣♣
#.# ♣....♣ #.##
##..##


There were no monsters in sight!

Vanquished Creatures
  Pikel (D:5)
  A steam dragon (D:6)
  2 water moccasins
  An ice beast (D:3)
  An orc warrior (D:6)
  A sky beast (D:4)
  A black bear (D:6)
  A centaur (D:5)
  5 ogres
  4 lemures (D:5)
  A phantom (D:6)
  A necrophage (D:5)
  A scorpion (D:6)
  A water moccasin zombie (D:5)
  4 wights (D:5)
  2 jellies
  A human zombie (D:5)
  2 orc priests
  Crazy Yiuf (D:3)
  A hound (D:5)
  3 iguanas
  4 orc wizards
  2 scorpion zombies (D:5)
  A hound zombie (D:5)
  10 mummies
  3 gnolls (D:3)
  7 adders
  2 shadow imps (D:5)
  2 ufetubi
  3 worms
  2 dart slugs
  15 orcs
  11 ball pythons
  6 endoplasms
  A giant cockroach (D:3)
  A gnoll zombie (Ossuary)
  9 hobgoblins
  4 jackals (D:1)
  2 quokkas
  A bat (D:3)
  3 frilled lizards
  8 goblins
  2 hobgoblin zombies (Ossuary)
  6 kobolds
  A kobold zombie (Ossuary)
  4 orc zombies (Ossuary)
  3 rats
149 creatures vanquished.

Vanquished Creatures (collateral kills)
  A water moccasin (D:6)
1 creature vanquished.

Vanquished Creatures (others)
  196 foxfires
  3 plants (D:3)
199 creatures vanquished.

Grand Total: 349 creatures vanquished

Notes
Turn   | Place    | Note
-------+----------+-------------------------------------------
     0 | D:1      | hawla the Meteoran Fire Elementalist began the quest for
                  | the Orb.
     0 | D:1      | Reached XP level 1. HP: 14/14 MP: 5/5
    82 | D:1      | Reached XP level 2. HP: 20/20 MP: 1/6
   100 | D:1      | Reached skill level 4 in Fire Magic
   146 | D:1      | Learned a level 2 spell: Scorch
   162 | D:1      | Found a faded altar of an unknown god.
   352 | D:1      | Reached XP level 3. HP: 22/26 MP: 0/8
   500 | D:1      | Glimpsed the power of Zot.
   566 | D:2      | Reached XP level 4. HP: 33/33 MP: 5/10
   594 | D:2      | Learned a level 4 spell: Flame Wave
   995 | D:3      | Noticed an ice beast
  1000 | D:3      | Killed an ice beast
  1001 | D:3      | Reached skill level 5 in Fire Magic
  1001 | D:3      | Reached XP level 5. HP: 38/38 MP: 5/12
  1156 | D:3      | Reached XP level 6. HP: 24/45 MP: 8/13
  1159 | D:3      | Reached skill level 6 in Fire Magic
  1498 | D:3      | Found a runed translucent door.
  1499 | D:3      | Noticed Crazy Yiuf
  1541 | D:3      | Found a transporter.
  1542 | D:3      | Noticed Homeless's ghost (amateur MiBe)
  1542 | D:3      | Identified the +2 great mace "Ezofellio" {vorpal, Str+4
                  | Int+2}
  1542 | D:3      | Noticed an ogre
  1547 | D:3      | Found a transporter.
  1640 | D:3      | Found a shimmering altar of Xom.
  1640 | D:3      | Found a radiant altar of Vehumet.
  1640 | D:3      | Found an ancient bone altar of Kikubaaqudgha.
  1648 | D:3      | Became a worshipper of Vehumet
  1680 | D:3      | Found a blossoming altar of Fedhas.
  1696 | D:3      | Glimpsed the power of Zot.
  1771 | D:4      | Noticed an ogre
  1777 | D:4      | Killed an ogre
  1809 | D:4      | Found a bloodstained altar of Trog.
  1849 | D:4      | Reached skill level 7 in Fire Magic
  1849 | D:4      | Reached XP level 7. HP: 36/50 MP: 1/14
  1893 | D:4      | Found a stormy altar of Qazlal.
  1920 | D:4      | Reached * piety under Vehumet
  1920 | D:4      | Offered knowledge of Magic Dart by Vehumet.
  1955 | D:4      | Found a staircase to the Ecumenical Temple.
  1967 | D:4      | Found an iron altar of Okawaru.
  2030 | D:4      | Found a glowing silver altar of Zin.
  2296 | D:4      | Glimpsed the power of Zot.
  2305 | D:5      | Entered Level 5 of the Dungeon
  2312 | D:5      | Reached skill level 5 in Spellcasting
  2322 | D:5      | Found an ornate altar of the Wu Jian Council.
  2364 | D:5      | Learned a level 2 spell: Searing Ray
  2366 | D:5      | Reached XP level 8. HP: 55/57 MP: 11/16
  2454 | D:5      | Reached skill level 8 in Fire Magic
  2503 | D:5      | Noticed Pikel
  2512 | D:5      | Killed Pikel
  2513 | D:5      | Reached skill level 9 in Fire Magic
  2513 | D:5      | Gained mutation: You passively map the area around you.
                  | [Meteoran growth]
  2513 | D:5      | Reached XP level 9. HP: 29/63 MP: 9/20
  2518 | D:5      | Reached skill level 5 in Conjurations
  2570 | D:5      | Reached skill level 1 in Fighting
  2647 | D:5      | Reached ** piety under Vehumet
  2647 | D:5      | Offered knowledge of Freeze by Vehumet.
  2675 | D:5      | Reached skill level 10 in Fire Magic
  2708 | D:5      | Found a basalt altar of Yredelemnul.
  3197 | D:6      | Reached XP level 10. HP: 71/71 MP: 17/24
  3300 | D:6      | Reached skill level 11 in Fire Magic
  3306 | D:6      | Offered knowledge of Stone Arrow by Vehumet.
  3320 | D:6      | Found a sand-covered staircase.
  3338 | Ossuary  | Entered an ossuary
  3359 | Ossuary  | Reached *** piety under Vehumet
  3375 | Ossuary  | Reached skill level 10 in Spellcasting
  3653 | D:3      | Glimpsed the power of Zot.
  3703 | D:4      | Glimpsed the power of Zot.
  3742 | D:6      | Glimpsed the power of Zot.
  3752 | D:6      | Touched by the power of Zot.
  3885 | D:3      | Killed Crazy Yiuf
  3886 | D:3      | Engulfed by a cloud of flame

Illustrated notes

Levels and vault maps discovered:
D:1:      grunt_arrival_crossed_arrows, layout_basic,
          ebering_ecumenical_altar_hall
D:2:      layout_rooms
D:3:      layout_rooms, fedhas_altar_4, gammafunk_temple_overflow_forgotten,
          gammafunk_ghost_smash, serial_rivers, chequers_serial_rivers_room_a,
          chequers_serial_rivers_small_b, chequers_serial_rivers_room_a,
          chequers_serial_rivers_micro_a, skrybe_limestone_x,
          uniq_crazy_yiuf_cottage
D:4:      layout_basic, mainiacjoe_overflow_24_doors, trog_hazing_becter,
          okawaru_metal_pillars_1_2, zin_academy, temple_statues
D:5:      minmay_angry_zag, layout_cave_pods,
          mainiacjoe_overflow_concentric_impassable, makhleb_altar_promises_db,
          lemuel_mausoleum_altar_yredelemnul, dk_noncrumbling_3,
          grunt_decor_one_mirror, kennysheep_generic_room_9, uniq_pikel
D:6:      layout_cave_pools, enter_ossuary_2
D:7:      minmay_chambers_of_sixes, layout_basic, overflow_temple_1_default

Skill      XL: |  1  2  3  4  5  6  7  8  9 10 |
---------------+-------------------------------+-----
Fire Magic     | 4 5 7 9 10 11 | 11.2
Spellcasting   | 3 4 5 7 9 10 | 10.0
Conjurations   | 2 3 4 5 |  5.9
Dodging        | 3 4 |  4.0
Fighting       | 1 |  1.4
Stealth        | |  1.4
Evocations     | |  0.2

Action                   |  1- 3 |  4- 6 |  7- 9 | 10-12 || total
-------------------------+-------+-------+-------+-------++-------
Melee: Unarmed           |     6 |     2 |    25 |     1 ||    34
 Cast: Foxfire           |    34 |    24 |    41 |    17 ||   116
       Scorch            |     6 |    19 |    40 |     8 ||    73
       Flame Wave        |       |     5 |     9 |     8 ||    22
       Searing Ray       |       |       |     4 |       ||     4
Evoke: Wand              |       |       |     4 |       ||     4
  Use: Scroll            |       |     6 |     4 |     3 ||    13
Armor: Robe              |     6 |     5 |    23 |       ||    34
Dodge: Dodged            |    14 |    12 |    42 |     6 ||    74
Block: Other             |       |       |    10 |     1 ||    11
       Reflection        |       |       |       |     1 ||     1
